 Dungeon Crawl Stone Soup version 0.30.1 (webtiles) character file.

Game seed: 10269304206131128214

404 spardeous the Digger (level 6, 0/24 HPs)
             Began as a Felid Earth Elementalist on July 13, 2023.
             Slain by a gnoll
             ... wielding a +0 whip
             ... led by a gnoll bouda
              (5 damage)
             ... on level 5 of the Dungeon.
             The game lasted 00:04:26 (2744 turns).

spardeous the Digger (Felid Earth Elementalist)     Turns: 2744, Time: 00:04:27

Health: 0/24       AC:  2    Str:  4    XL:     6   Next: 56%
Magic:  4/10       EV: 19    Int: 18    God:
Gold:   142        SH:  0    Dex: 17    Spells: 5/9 levels left
                                        Lives:  0   Deaths: 1

rFire   . . .        (weapon unavailable)
rCold   . . .        (shield unavailable)
rNeg    . . .        (body armour unavailable)
rPois   .            (helmet unavailable)
rElec   .            (cloak unavailable)
rCorr   .            (gloves unavailable)
SInv    +            (boots unavailable)
Will    .....        (no amulet)
Stlth   ++           (no ring)
HPRegen 0.24/turn    (no ring)
MPRegen 0.12/turn

%: no passive effects
@: quick
A: very small, claws 1, fangs 3, see invisible, speed 1, shaggy fur 2, stealthy
paws, no weapons or thrown items, no armour, multi-lived
a: no special abilities


You were on level 5 of the Dungeon.
You visited 1 branch of the dungeon, and saw 5 of its levels.

You collected 142 gold pieces.

Inventory:

Wands
 i - a wand of digging (6)
Scrolls
 e - a scroll of immolation {unknown}
 g - 3 scrolls of identify {unknown}
 h - 2 scrolls of enchant weapon {unknown}
 j - a scroll of blinking {unknown}
 l - a scroll of fog {unknown}
Potions
 a - a potion of magic
 b - 2 potions of cancellation {unknown}
 c - 2 potions of haste {unknown}
 d - a potion of ambrosia {unknown}
 f - 2 potions of might {unknown}
 k - a potion of curing {unknown}
 m - a potion of lignification {unknown}


   Skills:
 + Level 5.2 Dodging
 - Level 2.6 Stealth
 - Level 2.0 Spellcasting
 + Level 3.0 Conjurations
 - Level 1.1 Transmutations
 + Level 5.7 Earth Magic


You had 5 spell levels left.
You knew the following spells:

 Your Spells              Type           Power      Damage    Failure   Level
a - Sandblast             Erth           44%        2d11      1%          1
b - Stone Arrow           Conj/Erth      34%        3d9       9%          3

Your spell library contained the following spells:

 Spells                   Type           Power      Damage    Failure   Level
 Passwall                 Tmut/Erth      11%        N/A       7%          2
 Petrify                  Tmut/Erth      14%        N/A       41%         4


Dungeon Overview and Level Annotations

Branches:
Dungeon (5/15)
 Temple: D:4-7

Altars:
Nemelex Xobeh


Innate Abilities, Weirdness & Mutations

You have sharp claws.
You have razor-sharp teeth.
You have supernaturally acute eyesight. (SInv)
You cover ground quickly. (Speed+)
You are covered in thick fur. (AC +2)
Your paws help you pounce on unaware monsters.
You are incapable of wielding weapons or throwing items.
You cannot wear armour.
You gain extra lives every three experience levels.


Message History

Aiming: Sandblast (safe; 1% risk of failure)
Press: ? - help, Shift-Dir - straight line, f - gnoll
Aim: a gnoll, wielding a +0 spear (covering ground quickly, 85% to hit)
The blast of sand hits the gnoll!
You kill the gnoll!
Casting: Sandblast (safe; 1% risk of failure)
Confirm with . or Enter, or press ? or * to list all spells.
Aiming: Sandblast (safe; 1% risk of failure)
Press: ? - help, Shift-Dir - straight line, f - gnoll bouda
Aim: a gnoll bouda, wielding a +0 club and wearing a +0 leather armour (85% to hit)
The blast of sand hits the gnoll bouda but does no damage.
Casting: Sandblast (safe; 1% risk of failure)
Confirm with . or Enter, or press ? or * to list all spells.
Aiming: Sandblast (safe; 1% risk of failure)
Press: ? - help, Shift-Dir - straight line, f/p - gnoll bouda
Aim: a gnoll bouda, wielding a +0 club and wearing a +0 leather armour (85% to hit)
The blast of sand hits the gnoll bouda.
The gnoll bouda is lightly wounded.
The gnoll barely misses you. The gnoll bouda completely misses you.
Casting: Sandblast (safe; 1% risk of failure)
Confirm with . or Enter, or press ? or * to list all spells.
Aiming: Sandblast (safe; 1% risk of failure)
Press: ? - help, Shift-Dir - straight line, f/p - gnoll bouda
Aim: a gnoll bouda, wielding a +0 club and wearing a +0 leather armour (lightly wounded, 85% to hit)
The blast of sand hits the gnoll bouda.
The gnoll bouda is lightly wounded.
The gnoll hits you with a +0 whip!
The gnoll bouda hits you with a +0 club.
The gnoll hits you with a +0 whip.
The gnoll bouda hits you with a +0 club!
* * * LOW HITPOINT WARNING * * *
Casting: Sandblast (safe; 1% risk of failure)
Confirm with . or Enter, or press ? or * to list all spells.
Aiming: Sandblast (safe; 1% risk of failure)
Press: ? - help, Shift-Dir - straight line, f/p - gnoll bouda
Aim: a gnoll bouda, wielding a +0 club and wearing a +0 leather armour (lightly wounded, 85% to hit)
The blast of sand hits the gnoll bouda but does no damage.
The gnoll bouda is lightly wounded.
The gnoll hits you with a +0 whip.
You die...

...........
##.........
#.
...........
#.
.##........
#.
###########
#. # #. #
#) #
#g#########
#
#g@.......#
#
#########.#
# #.# # #.#
### #.# ..#
#.# #.#
..##....#
#.# #.#####
..##....#
#.# #.....#
..##....#
#.# #.#####


You could see a gnoll bouda and a gnoll (swift).

Vanquished Creatures
  Edmund (D:4)
  A water moccasin (D:4)
  An ogre (D:4)
  2 scorpions
  A hound (D:5)
  2 gnolls (D:5)
  2 adders
  4 worms
  3 dart slugs
  2 orcs
  3 ball pythons
  An endoplasm (D:2)
  A giant cockroach (D:2)
  5 goblins
  2 hobgoblins
  3 kobolds
  2 quokkas
  A bat (D:1)
  2 frilled lizards
  5 rats
44 creatures vanquished.

Notes
Turn   | Place    | Note
-------+----------+-------------------------------------------
     0 | D:1      | spardeous the Felid Earth Elementalist began the quest for
                  | the Orb.
     0 | D:1      | Reached XP level 1. HP: 7/7 MP: 4/4
   229 | D:1      | Reached XP level 2. HP: 5/11 MP: 1/6
   630 | D:2      | Noticed a scorpion
   727 | D:2      | Killed a scorpion
   728 | D:2      | Reached XP level 3. HP: 14/14 MP: 4/7
   728 | D:2      | Reached XP level 4. HP: 18/18 MP: 4/8
   905 | D:3      | Learned a level 3 spell: Stone Arrow
   932 | D:3      | Found a sparkling altar of Nemelex Xobeh.
  1442 | D:4      | Noticed a scorpion
  1479 | D:4      | Killed a scorpion
  1480 | D:4      | Reached skill level 1 in Conjurations
  1480 | D:4      | Reached skill level 5 in Earth Magic
  1480 | D:4      | Reached XP level 5. HP: 21/21 MP: 6/9
  1582 | D:4      | Noticed Edmund
  1733 | D:4      | Killed Edmund
  1734 | D:4      | Gained mutation: You are covered in thick fur. (AC +2)
                  | [Felid growth]
  1734 | D:4      | Reached XP level 6. HP: 24/24 MP: 4/10
  1852 | D:4      | Mangled by an ogre
  1853 | D:4      | Reached XP level 5. HP: -11/21 MP: 7/9
  1948 | D:4      | Killed an ogre
  2004 | D:4      | Noticed a water moccasin
  2009 | D:4      | Killed a water moccasin
  2010 | D:4      | Reached XP level 6. HP: 11/24 MP: 5/10
  2139 | D:4      | Reached skill level 5 in Dodging
  2460 | D:5      | Entered Level 5 of the Dungeon
  2744 | D:5      | Slain by a gnoll

Illustrated notes

Levels and vault maps discovered:
D:1:      elethiomel_arrival_diamonds, layout_loops_ring,
          shapermc_ecumenical_altar_mp_vishouse, serial_shops, shop
D:2:      layout_loops_ring, serial_forest, infiniplex_forest_clump_double,
          infiniplex_forest_lined_room_, infiniplex_forest_end_1,
          infiniplex_forest_corner_1, infiniplex_forest_lined_room_3,
          infiniplex_forest_straight_1, infiniplex_forest_lined_corner,
          infiniplex_forest_end_1, minmay_ruptured, uniq_terence
D:3:      layout_basic, nemelex_spade_bored_becter
D:4:      layout_loops_ring, nicolae_hexahallways,
          amcnicky_mini_rare_corridor_liquid, uniq_edmund
D:5:      layout_basic

Skill      XL: |  1  2  3  4  5  6 |
---------------+-------------------+-----
Earth Magic    | 3 4 5 |  5.7
Dodging        | 3 4 5 |  5.2
Conjurations   | 1 2 3 |  3.0
Stealth        | |  2.6
Spellcasting   | |  2.0
Transmutations | |  1.1

Action                     |  1- 3 |  4- 6 || total
---------------------------+-------+-------++-------
  Melee: Unarmed           |    11 |       ||    11
         Bite              |     1 |       ||     1
   Cast: Sandblast         |    37 |    67 ||   104
  Dodge: Dodged            |    13 |    15 ||    28
